 Dungeon Crawl Stone Soup version 0.24-a0-184-gcb5ae2c (webtiles) character file.

Game seed: 3565376841066548033

9 Dfrag the Firebug (level 2, 19/19 HPs)
             Began as a Demonspawn Fire Elementalist on Mar 15, 2019.
             Quit the game on level 1 of the Dungeon.
             The game lasted 00:00:20 (210 turns).

Dfrag the Firebug (Demonspawn Fire Elementalist)     Turns: 210, Time: 00:00:21

Health: 19/19      AC:  2    Str:  8    XL:     2   Next: 3%
Magic:  0/5        EV: 12    Int: 16    God:
Gold:   0          SH:  0    Dex: 13    Spells: 4/5 levels left

rFire    . . .     SeeInvis .   e - -2 dagger (curse)
rCold    . . .     Gourm    .   (no shield)
rNeg     . . .     Faith    .   a - +0 robe
rPois    .         Spirit   .   (no helmet)
rElec    .         Reflect  .   (no cloak)
rCorr    .         Harm     .   (no gloves)
MR       .....                  (no boots)
Stlth    ++........             (no amulet)
HPRegen  0.06/turn              (no ring)
MPRegen  0.09/turn              (no ring)

@: no status effects
A: claws 1
a: no special abilities


You were on level 1 of the Dungeon.
You were not hungry.

You visited 1 branch of the dungeon, and saw 1 of its levels.

Inventory:

Hand Weapons
 e - a cursed -2 dagger (weapon)
Armour
 a - a +0 robe (worn)
Scrolls
 d - a scroll of fog {unknown}
 f - a scroll of identify {unknown}
 g - a scroll of remove curse {unknown}
Potions
 b - a potion of cancellation {unknown}
Comestibles
 c - a ration


   Skills:
 - Level 1.7 Dodging
 - Level 1.7 Stealth
 + Level 2.2 Spellcasting
 + Level 1.4 Conjurations
 + Level 2.9 Fire Magic


You had 4 spell levels left.
You knew the following spells:

 Your Spells              Type           Power        Failure   Level  Hunger
a - Flame Tongue          Conj/Fire      #....        9%          1    #......

Your spell library contained the following spells:

 Spells                   Type           Power        Failure   Level  Hunger
 Throw Flame              Conj/Fire      #.....       13%         2    ###....
 Conjure Flame            Conj/Fire      #.......     26%         3    ###....
 Inner Flame              Hex/Fire       #.......     32%         3    ###....
 Sticky Flame             Conj/Fire      #.......     63%         4    #####..
 Fireball                 Conj/Fire      #.........   93%         5    ######.


Dungeon Overview and Level Annotations

Branches:
Dungeon (1/15)

Altars:


Innate Abilities, Weirdness & Mutations

You have sharp fingernails.


Message History

Aiming: Flame Tongue (safe; 9% risk of failure)
Press: ? - help, Shift-Dir - straight line, f - jackal
Aim: a jackal The flame tongue hits the jackal!
You kill the jackal!
Casting: Flame Tongue (safe; 9% risk of failure)
Confirm with . or Enter, or press ? or * to list all spells.
Aiming: Flame Tongue (safe; 9% risk of failure)
Press: ? - help, Shift-Dir - straight line, f - jackal
Aim: a jackal The flame tongue hits the jackal.
You kill the jackal!
You have reached level 2!
Your demonic ancestry asserts itself...
Your fingernails lengthen.
Casting: Flame Tongue (safe; 9% risk of failure)
Confirm with . or Enter, or press ? or * to list all spells.
You don't have enough magic to cast that spell.
Unknown command.
Are you sure you want to abandon this character and quit the game? (Confirm with "yes".)

########## ##########
#........# .........#
#....^...#
.........#########........##
..........gh..@............#
..........#...#........(...##
.........##.#.#.##..........#
.........##.#.#.#.........#.#
....h....##.#...#.........#.##
............#####.........#..#
.........##.. .........#.##.##
............#####.###...#.##..#
........................#...#.#


You could see a jackal and a goblin.

Vanquished Creatures
  A giant cockroach (D:1)
  2 goblins (D:1)
  3 jackals (D:1)
  A kobold (D:1)
7 creatures vanquished.

Notes
Turn   | Place    | Note
-------+----------+-------------------------------------------
     0 | D:1      | Dfrag the Demonspawn Fire Elementalist began the quest for
                  | the Orb.
     0 | D:1      | Reached XP level 1. HP: 13/13 MP: 3/3
   209 | D:1      | Gained mutation: You have sharp fingernails. [demonic
                  | ancestry]
   209 | D:1      | Reached XP level 2. HP: 19/19 MP: 0/5
   210 | D:1      | Quit the game

Levels and vault maps discovered:
D:1:      dpeg_arrival_pond, layout_basic, minmay_rat_gold_closets

Action                   || total
-------------------------++-------
Melee: Unarmed           ||    24
       Dagger            ||     2
 Cast: Flame Tongue      ||     9
Armor: Robe              ||     8
Dodge: Dodged            ||    24

Table legend:
 A = Non-vault XP
 B = Vault XP
 C = Vault XP percentage of total XP
 D = Non-vault monster count
 E = Vault monster count
 F = Vault count percentage of total count
                 A         B        C        D         E       F
            +---------+---------+-------+---------+---------+-------
      Total |      13 |       0 |   0.0 |       7 |       0 |   0.0
            +---------+---------+-------+---------+---------+-------
        D:1 |      13 |       0 |   0.0 |       7 |       0 |   0.0
            +---------+---------+-------+---------+---------+-------
